 Dungeon Crawl Stone Soup version 0.27-a0-423-gf312af23e9 (webtiles) character file.

Game seed: 7403420415730234631

19495 jasper the Deliberate (level 12, -3/91 HPs)
             Began as a Demonspawn Venom Mage on Feb 26, 2021.
             Was a Follower of Cheibriados.
             Slain by a balrug
             ... wielding a +2 demon whip of electrocution
              (23 damage)
             ... in a Gauntlet.
             The game lasted 00:26:10 (16808 turns).

jasper the Deliberate (Demonspawn Venom Mage)      Turns: 16808, Time: 00:26:10

Health: -3/91      AC: 12    Str: 18    XL:     12   Next: 37%
Magic:  20/22      EV: 20    Int: 25    God:    Cheibriados [*.....]
Gold:   548        SH:  5    Dex: 16    Spells: 18/25 levels left

rFire    . . .     SeeInvis .   j - +2 dagger (venom)
rCold    + . .     Faith    .   T - +0 buckler {rN+}
rNeg     + . .     Spirit   .   P - +0 steam dragon scales
rPois    .         Reflect  .   W - +2 hat {Stlth+}
rElec    .         Harm     .   Z - +2 cloak "Qyhaw" {rC+}
rCorr    .         Rampage  .   s - +0 pair of gloves
Will     .....     NoTele   +   c - +0 pair of boots
Stlth    +++++.....             X - amulet of regeneration
HPRegen  1.25/turn              v - +4 ring of evasion
MPRegen  0.18/turn              q - ring of Ferev {Str+6 Stlth+}

@: invisible, very slow
A: talons 2, foul stench 2, demonic magic 2
a: Renounce Religion, Bend Time


You were in a Gauntlet.
You worshipped Cheibriados.
Cheibriados was aware of your devotion.
You visited 3 branches of the dungeon, and saw 14 of its levels.
You also visited: Ossuary and Gauntlet.

You collected 695 gold pieces.
You spent 147 gold pieces at shops.

Inventory:

Hand Weapons
 j - a +2 dagger of venom (weapon)
 O - a +2 scimitar of flaming
Missiles
 d - 121 arrows
 t - 7 boomerangs
 A - 6 throwing nets
Armour
 c - a +0 pair of boots (worn)
 s - a +0 pair of gloves (worn)
 P - +0 steam dragon scales (worn)
 R - a +2 robe of cold resistance
 T - a +0 buckler of positive energy (worn)
 W - a +2 hat of stealth (worn)
 Z - the +2 cloak "Qyhaw" (worn) {rC+}
   (You found it in a Gauntlet)

   It protects you from cold.
Magical Staves
 g - a staff of air
 B - a staff of earth
Jewellery
 a - a ring of willpower
 q - the ring of Ferev (right hand) {Str+6 Stlth+}
   (You found it in a Gauntlet)

   [ring of strength]

   It affects your strength (+6).
   It makes you more stealthy.
 v - a +4 ring of evasion (left hand)
 D - an amulet of guardian spirit
 H - a ring of ice
 Q - a ring of ice
 X - an amulet of regeneration (around neck)
Wands
 u - a wand of paralysis (13)
 I - a wand of polymorph (16)
 K - a wand of charming (9)
 M - a wand of flame (2)
 S - a wand of digging (6)
Scrolls
 h - 2 scrolls of noise {unknown}
 i - 4 scrolls of amnesia {unknown}
 k - 3 scrolls of immolation {unknown}
 m - 4 scrolls of enchant weapon {unknown}
 o - 4 scrolls of teleportation {unknown}
 p - 2 scrolls of fear {unknown}
 y - a scroll of fog {unknown}
 C - 2 scrolls of magic mapping {unknown}
 E - 2 scrolls of enchant armour {unknown}
 F - 7 scrolls of identify
 U - a scroll of vulnerability {unknown}
Potions
 b - 5 potions of flight
 e - a potion of magic
 l - 2 potions of attraction
 n - 4 potions of brilliance
 r - 8 potions of curing
 w - 9 potions of lignification
 z - 12 potions of degeneration {unknown}
 G - a potion of cancellation {unknown}
 N - a potion of mutation {unknown}
 V - a potion of haste {unknown}
 Y - a potion of invisibility


   Skills:
 + Level 7.2 Fighting
 + Level 6.5 Dodging
 - Level 10.0 Stealth
 - Level 4.0 Shields
 + Level 7.1 Spellcasting
 + Level 2.5 Conjurations
 - Level 4.0 Transmutations
 - Level 2.0 Fire Magic
 - Level 4.0 Air Magic
 - Level 5.0 Poison Magic
 - Level 12.0 Invocations


You had 18 spell levels left.
You knew the following spells:

 Your Spells              Type           Power        Failure   Level
a - Sting                 Tmut/Pois      100%         1%          1
b - Ignite Poison         Fire/Tmut/Pois 27%          4%          3
c - Mephitic Cloud        Conj/Pois/Air  28%          4%          3

Your spell library contained the following spells:

 Spells                   Type           Power        Failure   Level
 Poisonous Vapours        Pois/Air       62%          1%          2
 Olgreb's Toxic Radiance  Pois           34%          9%          4


Dungeon Overview and Level Annotations

Branches:
Dungeon (11/15)            Temple (1/1) D:4            Lair (2/6) D:10
Ossuary (visited)         Gauntlet (1/1)
  Swamp: Lair:2-4    Shoals: Lair:2-4     Snake: Lair:2-4    Spider: Lair:2-4
    Orc: D:9-12

Altars:
Ashenzari
Cheibriados
Dithmenos
Elyvilon
Fedhas
Gozag
Hepliaklqana
Kikubaaqudgha
Makhleb
Nemelex Xobeh
Okawaru
Qazlal
Ru
Sif Muna
Trog
Uskayaw
Vehumet
Wu Jian
Xom
Yredelemnul
Zin
The Shining One

Shops:
D:5 *   D:9 :

Annotations:
D:8 Grum
D:10 1 runed translucent door, garrulousMonolith's ghost, journeyman DsFi
Lair:1 1 runed translucent door Gauntlet 7 transporters, 1 runed translucent door


Innate Abilities, Weirdness & Mutations

You have razor-sharp toenails.
You sometimes emit foul miasma when damaged in melee.
Spells you cast may paralyse nearby enemies.


Message History

You drop a +0 dagger.
You drop a +0 rapier.
You drop a +0 cloak.
You drop a +0 helmet.
a - a ring of willpower
There is a transporter here.
You enter the transporter and appear at another place.
There is a transporter here.
You start resting.
The balrug shouts!
Magic restored.
MP restored: 22 You enter the transporter and appear at another place.
Aiming: Sting (safe; 1% risk of failure)
Press: ? - help, Q - select action, (/) - cycle Shift-Dir - straight line, f - balrug
Aim: a balrug, wielding a +2 demon whip of electrocution (28% to evade)
The sting hits the balrug.
The balrug partially resists.
The balrug is poisoned.
The balrug is lightly wounded.
Malevolent energies surge around you.
The balrug hits you with a +2 demon whip of electrocution.
You are engulfed in flames!!
You emit a cloud of foul miasma!
You take 22 damage, and have 69/91 hp.
MASSIVE DAMAGE!!
You now have 21/22 mp.
Aiming: Sting (safe; 1% risk of failure)
Press: ? - help, Q - select action, (/) - cycle Shift-Dir - straight line, f/p - balrug
Aim: a balrug, wielding a +2 demon whip of electrocution (foul pestilence, lightly wounded, poisoned, 28% to evade)
The sting hits the balrug.
The balrug partially resists.
The balrug is lightly wounded.
Malevolent energies surge around you. The balrug gestures at you.
The bolt of fire hits you! The balrug gestures at you.
The fireball explodes!
The fireball engulfs you!!
The fireball engulfs the balrug.
The balrug completely resists.
You take 40 damage, and have 29/91 hp.
MASSIVE DAMAGE!!
You now have 20/22 mp.
You fade into invisibility!
The balrug hits you with a +2 demon whip of electrocution!
* * * LOW HITPOINT WARNING * * *
You are engulfed in flames!!
You die...

# ### ### ### ### ###############
###≈###≈###≈###≈###..............
≈#≈≈≈#≈≈≈#≈≈≈#≈≈≈#...8⌠8..8∩8..8⌠
.................................
#################################
##..##.#8©8#.......#8©8###...###8
=.##..##...#....##.#...###...###.
?E#.##.#...#[...##.#...##(##+..#.
○#.©#.##©.©#©###@2.#©.©#©[#©#..#©
h#°#E#h#####$###...######.'##..##
h##hE#E#...#.###.#.#...###...###.
#E○##R##.8.#.......#.8.###...###.
########...#########...#########.
.................................
≈#≈≈≈#≈≈≈#≈≈≈#≈≈≈#≈≈≈#≈≈≈#≈≈≈#≈≈≈
###≈###≈###≈###≈###≈###≈###≈###≈#
# ### ### ### ### ### ### ### ###


You could see a balrug (poisoned).

Vanquished Creatures
  Gastronok (Lair:1)
  Fannar (D:9)
  Harold (D:7)
  A catoblepas (Lair:2)
  Erica (D:8)
  A death knight (D:11)
  A two-headed ogre (D:10)
  A death yak (Lair:1)
  A death drake (Gauntlet)
  An ugly thing (D:10)
  2 cyclopes (D:11)
  5 elephants (Lair:2)
  A moth of wrath (Gauntlet)
  Joseph (D:7)
  2 black mambas
  2 trolls
  3 centaur simulacra (Gauntlet)
  A wraith (D:10)
  A wyvern (Lair:1)
  11 yaks
  A steam dragon (D:9)
  2 sky beasts
  A spectral hornet (Gauntlet)
  2 ice beasts
  2 orc warriors (D:9)
  An eye of draining (D:10)
  A necrophage (D:5)
  8 wolves
  3 ogres
  3 centaurs
  A phantom (D:9)
  A kobold brigand (D:8)
  3 bullfrogs
  A wyvern skeleton (D:6)
  5 scorpions
  7 wights
  21 killer bees
  2 electric eels (D:10)
  A bullfrog zombie (D:6)
  3 centaur zombies
  3 quasits
  A wyvern simulacrum (Gauntlet)
  2 human zombies (Ossuary)
  3 centaur skeletons
  10 hounds
  4 jellies
  2 bullfrog skeletons
  2 orc priests
  Crazy Yiuf (D:7)
  3 iguanas
  An orc wizard (D:6)
  7 worker ants
  A bullfrog simulacrum (Gauntlet)
  A hound zombie (D:8)
  A hound skeleton (D:5)
  4 mummies
  4 adders
  3 gnolls
  3 white imps
  An ufetubus (D:3)
  An ooze (D:3)
  An adder zombie (D:7)
  2 worms
  4 dart slugs
  7 leopard geckos
  11 orcs
  A ball python (D:4)
  2 giant cockroaches (D:1)
  A gnoll zombie (Ossuary)
  6 goblins
  3 hobgoblins
  11 jackals
  12 kobolds
  6 quokkas
  12 bats
  3 frilled lizards
  2 hobgoblin zombies (Ossuary)
  A kobold zombie (Ossuary)
  4 orc zombies
  A quokka skeleton (D:7)
  9 rats
265 creatures vanquished.

Vanquished Creatures (others)
  A killer bee (D:7)
  3 orcs (D:10)
  6 toadstools (Lair:1)
10 creatures vanquished.

Grand Total: 275 creatures vanquished

Notes
Turn   | Place    | Note
-------+----------+-------------------------------------------
     0 | D:1      | jasper the Demonspawn Venom Mage began the quest for the
                  | Orb.
     0 | D:1      | Reached XP level 1. HP: 13/13 MP: 3/3
   281 | D:1      | Gained mutation: Spells you cast may paralyse adjacent
                  | enemies. [demonic ancestry]
   281 | D:1      | Reached XP level 2. HP: 17/19 MP: 1/5
  1328 | D:2      | Reached XP level 3. HP: 24/24 MP: 3/6
  1999 | D:2      | Learned a level 3 spell: Ignite Poison
  2237 | D:2      | Found a sparkling altar of Nemelex Xobeh.
  2554 | D:3      | Reached skill level 5 in Poison Magic
  2554 | D:3      | Gained mutation: Spells you cast may paralyse nearby
                  | enemies. [demonic ancestry]
  2554 | D:3      | Reached XP level 4. HP: 27/30 MP: 4/7
  2558 | D:3      | Learned a level 3 spell: Mephitic Cloud
  2598 | D:3      | Found a faded altar of an unknown god.
  2784 | D:3      | Reached skill level 1 in Transmutations
  3600 | D:4      | Reached skill level 1 in Conjurations
  3600 | D:4      | Reached skill level 1 in Fire Magic
  3600 | D:4      | Reached skill level 1 in Air Magic
  3600 | D:4      | Reached XP level 5. HP: 35/35 MP: 4/8
  4001 | D:4      | Found a staircase to the Ecumenical Temple.
  4023 | Temple   | Entered the Ecumenical Temple
  4419 | D:5      | Entered Level 5 of the Dungeon
  4528 | D:5      | Noticed an ogre
  4533 | D:5      | Killed an ogre
  4534 | D:5      | Reached XP level 6. HP: 41/41 MP: 7/9
  4904 | D:6      | Reached skill level 1 in Fighting
  5311 | D:6      | Noticed a sky beast
  5339 | D:6      | Killed a sky beast
  5340 | D:6      | Gained mutation: You may rarely emit foul miasma when
                  | damaged in melee. [demonic ancestry]
  5340 | D:6      | Reached XP level 7. HP: 21/48 MP: 6/10
  6364 | D:5      | Found a shimmering blue altar of Sif Muna.
  6366 | D:5      | Found a hide-covered altar of Uskayaw.
  6369 | D:5      | Found a blossoming altar of Fedhas.
  6369 | D:5      | Found a snail-covered altar of Cheibriados.
  6399 | D:5      | Became a worshipper of Cheibriados the Contemplative
  6635 | D:5      | Found Diset's Assorted Antiques.
  6668 | D:5      | Bought a scroll labelled ATRUGE CIZUA for 21 gold pieces
  6668 | D:5      | Bought a thick bronze amulet for 105 gold pieces
  6668 | D:5      | Bought a scroll labelled RUWYAXZ AG WOA for 21 gold pieces
  6760 | D:5      | Found a stormy altar of Qazlal.
  7003 | D:5      | Reached XP level 8. HP: 56/56 MP: 12/12
  7082 | D:7      | Found a sand-covered staircase.
  7089 | Ossuary  | Entered an ossuary
  7874 | D:7      | Found a runed translucent door.
  7875 | D:7      | Noticed Crazy Yiuf
  8223 | D:7      | Noticed Joseph
  8243 | D:7      | Killed Joseph
  8244 | D:7      | Reached skill level 5 in Stealth
  8586 | D:7      | Found a shimmering altar of Xom.
  8805 | D:7      | Noticed Harold
  8817 | D:7      | Killed Harold
  8818 | D:7      | Gained mutation: You have sharp toenails. [demonic
                  | ancestry]
  8818 | D:7      | Reached XP level 9. HP: 30/66 MP: 4/15
  8825 | D:7      | Found a radiant altar of Vehumet.
  9079 | D:7      | Killed Crazy Yiuf
  9445 | D:8      | Found a broken altar of Ashenzari.
  9461 | D:8      | Noticed Erica
  9471 | D:8      | Reached skill level 5 in Fighting
  9484 | D:8      | Killed Erica
  9485 | D:8      | Reached skill level 5 in Spellcasting
  9740 | D:8      | Reached skill level 5 in Dodging
  9740 | D:8      | Gained mutation: You sometimes emit foul miasma when
                  | damaged in melee. [demonic ancestry]
  9740 | D:8      | Reached XP level 10. HP: 50/74 MP: 15/17
  9936 | D:8      | Noticed Grum
 10263 | D:9      | Found a stormy altar of Qazlal.
 10763 | D:9      | Found an opulent altar of Gozag.
 10767 | D:9      | Found Liriq's Book Shoppe.
 11114 | D:9      | Reached * piety under Cheibriados
 11224 | D:10     | Entered Level 10 of the Dungeon
 11562 | D:10     | Noticed a two-headed ogre
 11569 | D:10     | Killed a two-headed ogre
 11830 | D:10     | Noticed Fannar
 12438 | D:9      | Killed Fannar
 12439 | D:9      | Reached XP level 11. HP: 56/83 MP: 11/20
 12757 | D:10     | Found a runed translucent door.
 12757 | D:10     | Noticed garrulousMonolith's ghost (journeyman DsFi)
 12904 | D:10     | Found a staircase to the Lair.
 12933 | D:10     | Noticed a cyan ugly thing
 12981 | D:10     | Killed a brown ugly thing
 12982 | D:10     | Reached skill level 1 in Shields
 13343 | D:10     | Reached skill level 10 in Stealth
 13450 | D:10     | Found a shadowy altar of Dithmenos.
 13689 | D:11     | Reached skill level 1 in Invocations
 14092 | D:11     | Reached skill level 2 in Invocations
 14158 | D:11     | Noticed a death knight
 14168 | D:11     | Killed a death knight
 14169 | D:11     | Reached skill level 3 in Invocations
 14464 | D:11     | Noticed a green ugly thing
 14464 | D:11     | Noticed a seven-headed hydra
 14852 | Lair:1   | Entered Level 1 of the Lair of Beasts
 14896 | Lair:1   | Noticed Gastronok
 14959 | Lair:1   | Killed Gastronok
 14960 | Lair:1   | Reached skill level 7 in Invocations
 15279 | Lair:1   | Noticed a death yak
 15299 | Lair:1   | Killed a death yak
 15300 | Lair:1   | Reached skill level 8 in Invocations
 15415 | Lair:1   | Noticed a dire elephant
 15415 | Lair:1   | Noticed a lindwurm
 15438 | Lair:1   | Found a runed translucent door.
 16174 | Lair:2   | Reached skill level 9 in Invocations
 16213 | Lair:2   | Reached skill level 10 in Invocations
 16213 | Lair:2   | Gained mutation: You have razor-sharp toenails. [demonic
                  | ancestry]
 16213 | Lair:2   | Reached XP level 12. HP: 91/91 MP: 15/22
 16317 | Lair:2   | Noticed a catoblepas
 16342 | Lair:2   | Killed a catoblepas
 16343 | Lair:2   | Reached skill level 11 in Invocations
 16401 | Lair:2   | Found a gate leading to a gauntlet.
 16411 | Gauntlet | Entered a Gauntlet
 16411 | Gauntlet | Found a transporter.
 16421 | Gauntlet | Found a transporter.
 16424 | Gauntlet | Found a transporter.
 16425 | Gauntlet | Found a transporter.
 16436 | Gauntlet | Found a transporter.
 16437 | Gauntlet | Found a transporter.
 16441 | Gauntlet | Found a runed translucent door.
 16441 | Gauntlet | Found a transporter.
 16443 | Gauntlet | Found a runed translucent door.
 16445 | Gauntlet | Found a transporter.
 16448 | Gauntlet | Found a transporter.
 16449 | Gauntlet | Found a transporter.
 16451 | Gauntlet | Noticed a balrug
 16457 | Gauntlet | Found a transporter.
 16460 | Gauntlet | Found a transporter.
 16461 | Gauntlet | Found a transporter.
 16470 | Gauntlet | Found a transporter.
 16592 | Gauntlet | Identified the ring of Ferev {Str+6 Stlth+}
 16650 | Gauntlet | Identified the +2 cloak "Qyhaw" {rC+}
 16681 | Gauntlet | Reached skill level 12 in Invocations
 16808 | Gauntlet | Slain by a balrug

Illustrated notes

Levels and vault maps discovered:
D:1:      dpeg_arrival_erosion, layout_basic, minmay_distorted
D:2:      layout_basic, nemelex_lonely_heart_becter
D:3:      layout_loops_ring, chequers_ecumenical_altar_twisty
D:4:      layout_loops_ring, temple_fountains
D:5:      layout_basic, kennysheep_mini, grunt_temple_overflow_open,
          serial_shops, shop, amcnicky_altar_gilded
D:6:      layout_loops_ring
D:7:      layout_basic, tgw_xom, lemuel_coloured_pillars_altar,
          nicolae_ossuary_entry_giza, corexii_checkpoint_a, uniq_harold,
          uniq_joseph, uniq_crazy_yiuf_cottage
D:8:      layout_rooms, ashenzari_conservatory_becter, uniq_grum, uniq_erica
D:9:      layout_long_grid, nicolae_gozag_seed_capital, basic_altar,
          serial_shops, shop_fountains, serial_bayou_pond_c
D:10:     layout_rooms, erik_lair_island, hellmonk_ghost_happy_afterlife,
          basic_altar, uniq_fannar
D:11:     layout_basic, hiddenorc1_lemuel
Temple:   nicolae_temple_god_jail
Lair:1:   gammafunk_lair_enchanted_lake, layout_long_grid,
          chequers_serial_rivers_micro_e, lemuel_old_faithful, uniq_gastronok
Lair:2:   layout_cave_pods, shoals_dummy_entry, gauntlet_entry_generic,
          chequers_serial_rivers_room_a
Gauntlet: gammafunk_gauntlet_77_escape_option [minmay_gauntlet_arena_77_mirror,
          minmay_gauntlet_arena_77_two_lines, minmay_gauntlet_arena_77_cramped,
          minmay_gauntlet_arena_77_block_sizes, minmay_gauntlet_arena_77_mess,
          gauntlet_exit_watery]

Skill      XL: |  1  2  3  4  5  6  7  8  9 10 11 12 |
---------------+-------------------------------------+-----
Poison Magic   | 4 5 |  5.0
Transmutations | 1 2 3 4 |  4.0
Conjurations   | 1 2 |  2.5
Fire Magic     | 1 2 |  2.0
Air Magic      | 1 2 3 4 |  4.0
Stealth        | 2 3 6 7 9 10 | 10.0
Dodging        | 2 4 5 6 |  6.5
Fighting       | 1 2 4 5 6 7 |  7.2
Spellcasting   | 4 5 6 7 |  7.1
Shields        | 4 |  4.0
Invocations    | 10 12 | 12.0

Action                   |  1- 3 |  4- 6 |  7- 9 | 10-12 || total
-------------------------+-------+-------+-------+-------++-------
Melee: Unarmed           |     4 |       |       |       ||     4
       Dagger            |    59 |    67 |   151 |   234 ||   511
 Cast: Sting             |    48 |    52 |    89 |   240 ||   429
       Mephitic Cloud    |       |     2 |     1 |     8 ||    11
       Ignite Poison     |       |     1 |     3 |     8 ||    12
Evoke: Wand              |       |     3 |     5 |     8 ||    16
  Use: Scroll            |     2 |     6 |       |       ||     8
       Potion            |     1 |       |     4 |     4 ||     9
 Stab: Paralysed         |     9 |    23 |    65 |    74 ||   171
       Sleeping          |     2 |     6 |    11 |    14 ||    33
       Invisible         |       |       |       |     3 ||     3
Armor: Robe              |    11 |    10 |    22 |    19 ||    62
       Steam dragon scal |       |       |       |    55 ||    55
Dodge: Dodged            |    52 |    62 |   168 |   339 ||   621
Block: Buckler           |       |       |       |    42 ||    42

Table legend: (Time is in decaauts)
 A = Elapsed time spent in this place.
 B = Non-inter-level travel time spent in this place.
 C = Inter-level travel time spent in this place.
 D = Time resting spent in this place.
 E = Time spent auto-exploring this place.
 F = Levels seen in this place.
 G = Mean time per level.
                   A        B        C        D        E       F      G
               +--------+--------+--------+--------+--------+-----+--------+
         Total |  18559 |  17596 |    963 |   3077 |  12068 |  16 | 1159.9 |
       Dungeon |  15299 |  14412 |    887 |   2584 |   9923 |  11 | 1390.8 |
        Temple |     47 |     35 |     12 |      0 |     34 |   1 |   47.0 |
          Lair |   1992 |   1928 |     64 |    135 |   1611 |   2 |  996.0 |
       Ossuary |    746 |    746 |      0 |    338 |    303 |   1 |  746.0 |
      Gauntlet |    472 |    472 |      0 |     20 |    195 |   1 |  472.0 |
               +--------+--------+--------+--------+--------+-----+--------+

Top non-repeatable levels by time:
     D:9: 3144 daAuts
     D:7: 1716 daAuts
  Lair:1: 1707 daAuts
     D:6: 1550 daAuts
     D:2: 1395 daAuts
     D:5: 1227 daAuts
     D:8: 1177 daAuts
    D:10: 1171 daAuts
     D:1: 1153 daAuts
     D:3: 1010 daAuts
     D:4: 943 daAuts
    D:11: 808 daAuts
 Ossuary: 746 daAuts
Gauntlet: 472 daAuts
  Lair:2: 285 daAuts
